 Dungeon Crawl Stone Soup version 0.22.1-2-g9c5b331 (webtiles) character file.

67797 OPFEOP the Thaumaturge (level 15, -2/115 HPs)
             Began as a Gnoll Wizard on Dec 8, 2018.
             Was a High Priest of Sif Muna.
             Slain by an alligator (5 damage)
             ... on level 2 of the Swamp.
             The game lasted 02:41:32 (29572 turns).

OPFEOP the Thaumaturge (Gnoll Wizard)              Turns: 29572, Time: 02:41:33

Health: -2/115     AC: 13    Str: 10    XL:     15   Next: 24%
Magic:  2/30       EV: 14    Int: 26    God:    Sif Muna [*****.]
Gold:   2127       SH:  6    Dex: 14    Spells: 16/37 levels left

rFire    + . .     SeeInvis .   V - +9 staff of Olgreb {rPois}
rCold    . . .     Gourm    .   l - +0 buckler
rNeg     . . .     Faith    .   S - +2 leather armour {rF+}
rPois    ∞         Spirit   .   k - +2 hat {MR+}
rElec    .         Reflect  .   U - +2 cloak
rCorr    .         Harm     .   (no gloves)
MR       +....                  p - +0 pair of boots
Stlth    ++++......             y - amulet of the acrobat
HPRegen  0.29/turn              s - ring of protection from magic
MPRegen  0.22/turn              Y - +2 ring of evasion

@: vulnerable, grasped by roots, very slow
A: distributed training, fangs 1, strong nose
a: Divine Energy, Channel Magic, Forget Spell, Renounce Religion


You were on level 2 of the Swamp.
You worshipped Sif Muna.
Sif Muna was extremely pleased with you.
You were very hungry.

You visited 5 branches of the dungeon, and saw 22 of its levels.

You collected 2127 gold pieces.

Inventory:

Hand Weapons
 M - a +2 hunting sling of velocity
 V - the +9 staff of Olgreb (weapon) {rPois}
   (You found it on level 5 of the Dungeon)

   It protects you from poison.
 X - the +3 spear "Fyote" {flame, rC+ rN+ Int+2 Dex+4}
   (You found it on level 8 of the Dungeon)

   It has been specially enchanted to burn those struck by it, causing extra
   injury to most foes and up to half again as much damage against particularly
   susceptible opponents.
   It affects your intelligence (+2).
   It affects your dexterity (+4).
   It protects you from cold.
   It protects you from negative energy.
Missiles
 u - 123 sling bullets
Armour
 k - a +2 hat of magic resistance (worn)
 l - a +0 buckler (worn)
 p - a +0 pair of boots (worn)
 S - a +2 leather armour of fire resistance (worn)
 U - a +2 cloak (worn)
Magical Staves
 N - an uncursed staff of wizardry
 R - an uncursed staff of death
Jewellery
 s - a ring of protection from magic (left hand)
 y - an amulet of the acrobat (around neck)
 H - an uncursed ring of poison resistance
 I - an uncursed amulet of rage
 Y - a +2 ring of evasion (right hand)
Wands
 a - a wand of iceblast (30)
 g - a wand of flame (19)
 L - a wand of acid (19)
 Q - a wand of digging (17)
 W - a wand of clouds (5)
Scrolls
 c - a scroll of summoning {unknown}
 f - 3 scrolls of magic mapping {unknown}
 h - 3 scrolls of identify
 m - 3 scrolls of teleportation
 n - 5 scrolls of enchant armour
 o - 4 scrolls of enchant weapon
 q - 4 scrolls of amnesia
 t - 5 scrolls of remove curse
 B - 2 scrolls of blinking {unknown}
 D - 3 scrolls of random uselessness {unknown}
 J - a scroll of fear {unknown}
 K - 3 scrolls of vulnerability
 P - 2 scrolls of silence {unknown}
 T - 2 scrolls of torment {unknown}
Potions
 b - a potion of degeneration {unknown}
 e - 3 potions of brilliance
 i - 5 potions of might
 j - 10 potions of curing
 r - 2 potions of haste {unknown}
 v - a potion of invisibility {unknown}
 w - 6 potions of agility
 x - a potion of berserk rage
 z - 8 potions of flight
 C - 3 potions of magic
 E - 6 potions of lignification
 F - 2 potions of cancellation {unknown}
 G - a potion of ambrosia {unknown}
 O - 2 potions of resistance
Comestibles
 d - 30 rations


   Skills:
 + Level 9.7 Fighting
 + Level 9.7 Short Blades
 + Level 9.7 Long Blades
 + Level 9.7 Axes
 + Level 9.7 Maces & Flails
 + Level 9.7 Polearms
 + Level 9.7 Staves
 + Level 9.7 Slings
 + Level 9.7 Bows
 + Level 9.7 Crossbows
 + Level 9.7 Throwing
 + Level 9.7 Armour
 + Level 10.7 Dodging
 + Level 10.5 Stealth
 + Level 9.7 Shields
 + Level 9.7 Unarmed Combat
 + Level 11.8 Spellcasting
 + Level 8.5 Conjurations
 + Level 8.2 Hexes
 + Level 8.2 Charms
 + Level 8.5 Summonings
 + Level 8.2 Necromancy
 + Level 8.5 Translocations
 + Level 8.2 Transmutations
 + Level 8.2 Fire Magic
 + Level 8.2 Ice Magic
 + Level 8.2 Air Magic
 + Level 8.2 Earth Magic
 + Level 8.2 Poison Magic
 + Level 10.5 Invocations
 + Level 9.7 Evocations


You had 16 spell levels left.
You knew the following spells:

 Your Spells              Type           Power        Failure   Level  Hunger
a - Magic Dart            Conj           ####         1%          1    None
b - Blink                 Tloc           N/A          1%          2    None
c - Call Imp              Summ           ######..     1%          2    None
d - Conjure Flame         Conj/Fire      ######..     1%          3    None
e - Mephitic Cloud        Conj/Pois/Air  ######..     1%          3    None
f - Summon Demon          Summ           ######....   4%          5    ###....
g - Aura of Abjuration    Summ           ######....   4%          5    ###....

Your spell library contained the following spells:

 Spells                   Type           Power        Failure   Level  Hunger
 Animate Skeleton         Necr           N/A          1%          1    None
 Apportation              Tloc           ######       1%          1    None
 Confusing Touch          Hex            ######       1%          1    None
 Corona                   Hex            ######.      1%          1    None
 Sandblast                Erth           ######       1%          1    None
 Summon Small Mammal      Summ           ####         1%          1    None
 Ensorcelled Hibernation  Hex/Ice        ######       1%          2    None
 Passwall                 Tmut/Erth      ######..     1%          2    None
 Searing Ray              Conj           ######       1%          2    None
 Slow                     Hex            ######..     1%          2    None
 Call Canine Familiar     Summ           ######..     1%          3    None
 Confuse                  Hex            ######..     1%          3    None
 Dazzling Spray           Conj/Hex       ######       1%          3    None
 Recall                   Summ/Tloc      N/A          1%          3    None
 Spectral Weapon          Hex/Chrm       ######..     1%          3    None
 Stone Arrow              Conj/Erth      ######       1%          3    None
 Summon Guardian Golem    Hex/Summ       ######..     1%          3    None
 Tukima's Dance           Hex            ######..     1%          3    None
 Animate Dead             Necr           N/A          1%          4    None
 Force Lance              Conj/Tloc      ######..     1%          4    None
 Fulminant Prism          Conj/Hex       ######....   1%          4    None
 Iskenderun's Mystic Bla  Conj           ######..     1%          4    None
 Petrify                  Tmut/Erth      ######..     1%          4    None
 Summon Ice Beast         Ice/Summ       ######..     1%          4    None
 Summon Lightning Spire   Summ/Air       ######..     1%          4    None
 Lee's Rapid Deconstruct  Erth           ######....   4%          5    ###....
 Metabolic Englaciation   Hex/Ice        ######....   4%          5    ###....
 Summon Forest            Summ/Tloc      ######....   4%          5    ###....
 Summon Mana Viper        Hex/Summ       ######..     4%          5    ###....
 Shadow Creatures         Summ           N/A          22%         6    #####..
 Darkness                 Hex            ######....   26%         6    #####..
 Deflect Missiles         Chrm/Air       ######....   26%         6    #####..
 Haunt                    Necr/Summ      ######....   80%         7    ######.
 Chain Lightning          Conj/Air       ######....   100%        8    #######
 Discord                  Hex            ######....   100%        8    #######
 Necromutation            Tmut/Necr      ######....   100%        8    #######
 Tornado                  Air            ######....   100%        9    #######


Dungeon Overview and Level Annotations

Branches:
Dungeon (11/15)            Temple (1/1) D:5            Lair (6/6) D:10
  Swamp (2/4) Lair:4        Snake (0/4) Lair:2        Slime (0/5) Lair:5
    Orc (2/2) D:9             Elf (0/3) Orc:2

Altars:
Ashenzari
Cheibriados
Dithmenos
Elyvilon
Fedhas
Gozag
Hepliaklqana
Kikubaaqudgha
Makhleb
Nemelex Xobeh
Okawaru
Qazlal
Ru
Sif Muna
Trog
Uskayaw
Vehumet
Wu Jian
Xom
Yredelemnul
Zin
The Shining One
Beogh
Jiyva

Shops:
D:9 [!   D:10 (   Orc:2 **(:

Portals:
Pandemonium: Orc:2

Annotations:
D:5 1 runed door
D:9 2 transporters
Lair:4 exclusion: oklob plant
Lair:6 1 runed door, bmj180's ghost, journeyman MiMo
Swamp:1 3 runed doors, video's ghost, journeyman VSFi


Innate Abilities, Weirdness & Mutations

Your experience applies equally to all skills.
You have very sharp teeth.
Your uncanny sense of smell can sniff out nearby items.


Message History

* * * LOW HITPOINT WARNING * * *
The alligator bites you!!
* * * LOW HITPOINT WARNING * * *
You block the alligator's attack.
Unknown command.
Okay, then.
Casting: Blink (safe; 1% risk of failure)
Confirm with . or Enter, or press ? or * to list all spells.
You blink.
Roots rise up from beneath your neqoxec and drag it to the ground.
Your neqoxec hits the shambling mangrove.
You block the alligator's attack. x2
Unknown command.
As you read the scroll labeled LYIFUI YRETH, it crumbles to dust.
It is a scroll of enchant weapon.
Your uncursed hunting sling of velocity glows red for a moment.
The spriggan rider hits you from afar with a spear.
* * * LOW HITPOINT WARNING * * *
The alligator bites you.
You die...

♣♣♣ ♣♣♣♣♣♣♣♣ ♣♣≈♣♣♣♣♣♣ ♣...≈.≈♣♣
♣≈≈≈≈..≈♣♣♣♣♣ ♣≈....≈≈.♣
♣@≈§<.≈≈.≈.≈♣
♣♣♣♣≈.≈≈.♣♣♣♣tt..≈≈≈.[..♣♣♣♣♣
♣♣♣..≈≈.♣.≈i§4.....≈♣♣♣♣≈..♣♣
♣♣≈..≈≈≈.3....≈...≈≈≈....♣≈..♣
♣♣≈...≈≈≈≈≈f.≈≈≈≈§.≈..≈≈≈..♣≈..
♣≈.....≈≈)3..≈≈≈≈.♣♣.≈≈≈≈.≈≈♣♣♣
♣.≈≈≈§≈≈≈....≈≈≈≈...........≈♣♣
♣.≈≈≈≈.≈≈≈♣♣..≈≈≈≈§≈.≈.≈≈.....♣^
♣.≈≈≈≈♣♣.?≈..≈≈≈≈≈≈≈...≈≈.≈....≈


You could see a shambling mangrove, 2 alligators, a spriggan rider, a rust devil
and a friendly neqoxec.

Vanquished Creatures
  Gastronok (Lair:2)
  6 hydras
  A catoblepas (Lair:4)
  A queen ant (Lair:2)
  Urug (Lair:2)
  3 orc high priests (Orc:2)
  A gelid demonspawn (Orc:2)
  An unseen horror (D:11)
  A swamp dragon (Swamp:1)
  An infernal demonspawn (Orc:2)
  4 orc knights (Orc:2)
  3 orc sorcerers (Orc:2)
  7 elephants
  A torpor snail (Lair:2)
  A centaur zombie (D:11)
  Joseph (D:9)
  A smoke demon (Orc:2)
  6 spiny frogs
  4 komodo dragons
  2 rime drakes
  6 hornets
  3 polar bears (Lair:6)
  4 trolls
  A tyrant leech (Swamp:1)
  3 slime creatures (Swamp:1)
  9 blink frogs
  2 bog bodies
  7 hippogriffs
  6 dream sheep
  15 spriggans
  2 wraiths (Lair:4)
  A ynoxinul (Orc:2)
  3 basilisks
  11 yaks
  A chaos spawn (Orc:2)
  5 vampire mosquitoes
  A steam dragon (Lair:3)
  A warg (Orc:2)
  A hungry ghost (D:10)
  2 nagas (Lair:2)
  An insubstantial wisp (Swamp:1)
  10 soldier ants
  6 swamp worms
  12 water moccasins
  12 porcupines
  28 orc warriors
  2 ice beasts (D:6)
  2 black bears (Lair:6)
  An eye of draining (D:9)
  A sky beast (D:6)
  3 boggarts (Lair:6)
  3 phantoms
  12 ogres
  4 centaurs
  19 wolves
  2 big kobolds (D:9)
  9 crocodiles
  13 bullfrogs
  A water moccasin zombie (D:5)
  A water moccasin skeleton (D:7)
  6 scorpions
  17 killer bees
  A howler monkey (D:9)
  8 wights
  2 jellies
  3 crimson imps
  A bullfrog zombie (D:9)
  2 quasits
  29 orc priests
  A bullfrog skeleton (D:10)
  16 orc wizards
  Natasha (thrice) (D:2)
  5 iguanas
  33 worker ants
  2 hound skeletons
  11 adders
  3 shadow imps
  A worm (D:3)
  2 dart slugs (D:2)
  8 leopard geckos
  77 orcs
  4 ball pythons
  5 bats
  9 giant cockroaches
  5 goblins
  8 hobgoblins
  6 jackals
  3 quokkas
  5 frilled lizards
  2 jackal skeletons
  16 kobolds
  A quokka skeleton (D:5)
  A quokka zombie (D:8)
  8 rats
577 creatures vanquished.

Vanquished Creatures (collateral kills)
  Nikola (Swamp:1)
  2 thorn hunters (Swamp:2)
  Josephine (Lair:4)
  Erolcha (Orc:1)
  4 hydras
  An alligator (Swamp:1)
  2 orc high priests (Orc:2)
  A swamp dragon (Swamp:1)
  A shambling mangrove (Swamp:1)
  An orc knight (Orc:2)
  4 orc sorcerers (Orc:2)
  Maurice (D:8)
  4 elephants (Lair:3)
  A black mamba (Lair:6)
  6 spiny frogs
  A rime drake (Lair:4)
  A komodo dragon (Lair:6)
  A polar bear (Lair:6)
  A red devil (Orc:2)
  A hornet (Lair:6)
  2 tyrant leeches (Swamp:2)
  Prince Ribbit (D:6)
  A hippogriff (Lair:2)
  9 slime creatures (Swamp:1)
  2 spriggans (Lair:6)
  A wraith (Lair:4)
  2 basilisks (Lair:6)
  A wyvern (Lair:6)
  2 yaks (Lair:4)
  A neqoxec (Orc:2)
  8 vampire mosquitoes
  A warg (Orc:2)
  3 insubstantial wisps (Swamp:1)
  2 swamp worms
  2 nagas (Lair:2)
  Duvessa (D:6)
  3 water moccasins
  6 orc warriors (Orc:2)
  2 swamp drakes (Swamp:1)
  3 ice beasts
  2 sky beasts
  3 ogres
  10 wolves (Lair:6)
  A boggart (Lair:6)
  A centaur (D:5)
  2 crocodiles (Lair:6)
  A bullfrog (D:6)
  Dowan (D:6)
  A scorpion (D:8)
  2 killer bees (D:5)
  An electric eel (Lair:4)
  A lava snake (Lair:6)
  2 hounds
  5 orc priests
  An orc wizard (D:4)
  3 worker ants
  4 adders
  A shadow imp (D:5)
  A leopard gecko (D:3)
  9 orcs
  A jackal (D:8)
  A quokka (D:6)
143 creatures vanquished.

Vanquished Creatures (others)
  7 fungi
  2 plants
9 creatures vanquished.

Grand Total: 729 creatures vanquished

Notes
Turn   | Place    | Note
-------+----------+-------------------------------------------
     0 | D:1      | OPFEOP the Gnoll Wizard began the quest for the Orb.
     0 | D:1      | Reached XP level 1. HP: 13/13 MP: 8/8
   161 | D:1      | Reached XP level 2. HP: 19/19 MP: 3/10
   830 | D:1      | Learned a level 2 spell: Blink
   833 | D:1      | Learned a level 2 spell: Call Imp
   941 | D:2      | Reached XP level 3. HP: 19/25 MP: 4/11
  1257 | D:2      | Reached skill level 1 in Invocations
  1310 | D:2      | Reached skill level 1 in Fighting
  1310 | D:2      | Reached skill level 1 in Short Blades
  1310 | D:2      | Reached skill level 1 in Long Blades
  1310 | D:2      | Reached skill level 1 in Axes
  1310 | D:2      | Reached skill level 1 in Maces & Flails
  1310 | D:2      | Reached skill level 1 in Polearms
  1310 | D:2      | Reached skill level 1 in Staves
  1310 | D:2      | Reached skill level 1 in Slings
  1310 | D:2      | Reached skill level 1 in Bows
  1310 | D:2      | Reached skill level 1 in Crossbows
  1310 | D:2      | Reached skill level 1 in Throwing
  1310 | D:2      | Reached skill level 1 in Armour
  1310 | D:2      | Reached skill level 1 in Shields
  1310 | D:2      | Reached skill level 1 in Unarmed Combat
  1310 | D:2      | Reached skill level 1 in Evocations
  1310 | D:2      | Reached XP level 4. HP: 32/32 MP: 3/13
  1432 | D:2      | Noticed Natasha
  1439 | D:2      | Killed Natasha
  1476 | D:2      | Learned a level 3 spell: Conjure Flame
  1611 | D:2      | Noticed Natasha
  1616 | D:2      | Killed Natasha
  1616 | D:2      | Reached skill level 1 in Hexes
  1616 | D:2      | Reached skill level 1 in Charms
  1616 | D:2      | Reached skill level 1 in Necromancy
  1616 | D:2      | Reached skill level 1 in Transmutations
  1616 | D:2      | Reached skill level 1 in Fire Magic
  1616 | D:2      | Reached skill level 1 in Ice Magic
  1616 | D:2      | Reached skill level 1 in Air Magic
  1616 | D:2      | Reached skill level 1 in Earth Magic
  1616 | D:2      | Reached skill level 1 in Poison Magic
  1616 | D:2      | Reached XP level 5. HP: 27/37 MP: 8/14
  1860 | D:2      | Noticed a phantom
  1914 | D:2      | Killed a phantom
  2204 | D:2      | Noticed Natasha
  2208 | D:2      | Killed Natasha
  2208 | D:2      | Reached XP level 6. HP: 44/44 MP: 11/16
  3605 | D:4      | Reached skill level 5 in Dodging
  3993 | D:4      | Learned a level 3 spell: Mephitic Cloud
  4012 | D:4      | Reached XP level 7. HP: 46/50 MP: 11/18
  4649 | D:4      | Found a shattered altar of Ashenzari.
  5043 | D:5      | Entered Level 5 of the Dungeon
  5183 | D:5      | Reached skill level 5 in Stealth
  5216 | D:5      | Found a shattered altar of Ashenzari.
  5271 | D:5      | Found a runed gate.
  5275 | D:5      | Found a runed gate.
  5275 | D:5      | Found a runed gate.
  5275 | D:5      | Noticed a soldier ant
  5276 | D:5      | Noticed a soldier ant
  5276 | D:5      | Noticed a soldier ant
  5284 | D:5      | Noticed a soldier ant
  5284 | D:5      | Noticed a soldier ant
  5290 | D:5      | Found a runed door.
  5299 | D:5      | Found a runed door.
  5301 | D:5      | Found the +9 staff of Olgreb {rPois}
  5368 | D:5      | Reached XP level 8. HP: 52/57 MP: 19/19
  5427 | D:5      | Found a shadowy altar of Dithmenos.
  5427 | D:5      | Found a faded altar of an unknown god.
  5450 | D:5      | Found a hazy altar of Hepliaklqana.
  5452 | D:5      | Found a faded altar of an unknown god.
  5453 | D:5      | Found a snail-covered altar of Cheibriados.
  5596 | D:5      | Found a staircase to the Ecumenical Temple.
  5605 | Temple   | Entered the Ecumenical Temple
  5680 | Temple   | Became a worshipper of Sif Muna the Loreminder
  5803 | D:5      | Found a sacrificial altar of Ru.
  6203 | D:6      | Noticed Dowan
  6204 | D:6      | Noticed Duvessa
  6216 | D:6      | Killed Duvessa
  6219 | D:6      | Killed Dowan
  6394 | D:6      | Noticed Prince Ribbit
  6405 | D:6      | Killed Prince Ribbit
  6405 | D:6      | Reached skill level 8 in Spellcasting
  6874 | D:6      | Reached XP level 9. HP: 65/65 MP: 16/21
  7096 | D:6      | Found an ancient bone altar of Kikubaaqudgha.
  7306 | D:6      | Reached * piety under Sif Muna
  7470 | D:6      | Found a sparkling altar of Nemelex Xobeh.
  8172 | D:7      | Found a burning altar of Makhleb.
  8371 | D:7      | Found a sacrificial altar of Ru.
  8503 | D:8      | Found a stormy altar of Qazlal.
  8503 | D:8      | Noticed Maurice
  8519 | D:8      | Killed Maurice
  9051 | D:8      | Reached skill level 5 in Invocations
  9292 | D:8      | Reached XP level 10. HP: 73/73 MP: 11/22
  9924 | D:5      | Reached skill level 5 in Fighting
  9924 | D:5      | Reached skill level 5 in Short Blades
  9924 | D:5      | Reached skill level 5 in Long Blades
  9924 | D:5      | Reached skill level 5 in Axes
  9924 | D:5      | Reached skill level 5 in Maces & Flails
  9924 | D:5      | Reached skill level 5 in Polearms
  9924 | D:5      | Reached skill level 5 in Staves
  9924 | D:5      | Reached skill level 5 in Slings
  9924 | D:5      | Reached skill level 5 in Bows
  9924 | D:5      | Reached skill level 5 in Crossbows
  9924 | D:5      | Reached skill level 5 in Throwing
  9924 | D:5      | Reached skill level 5 in Armour
  9924 | D:5      | Reached skill level 5 in Shields
  9924 | D:5      | Reached skill level 5 in Unarmed Combat
  9924 | D:5      | Reached skill level 5 in Evocations
 10311 | D:5      | Reached ** piety under Sif Muna
 10856 | D:8      | Got an iridescent spear
 10857 | D:8      | Identified the +3 spear "Fyote" {flame, rC+ rN+ Int+2
                  | Dex+4} (You found it on level 8 of the Dungeon)
 10871 | D:8      | Found a stormy altar of Qazlal.
 10909 | D:8      | Reached skill level 9 in Spellcasting
 10932 | D:9      | Found a transporter.
 10979 | D:9      | Found a transporter.
 11033 | D:9      | Found Oxoiclig's Armour Shop.
 11051 | D:9      | Found a staircase to the Orcish Mines.
 11064 | D:9      | Reached skill level 5 in Conjurations
 11064 | D:9      | Reached skill level 5 in Summonings
 11064 | D:9      | Reached skill level 5 in Translocations
 11383 | D:9      | Found Reovuos's Distillery.
 11515 | D:9      | Noticed Erica
 11835 | D:9      | Reached XP level 11. HP: 81/81 MP: 11/24
 11989 | D:9      | Noticed Joseph
 12031 | D:9      | Killed Joseph
 12193 | D:9      | Found an iron altar of Okawaru.
 12194 | D:9      | Found a bloodstained altar of Trog.
 12516 | D:10     | Entered Level 10 of the Dungeon
 12532 | D:10     | Reached *** piety under Sif Muna
 12933 | D:10     | Found Vewag's Weapon Emporium.
 12958 | D:10     | Found a staircase to the Lair.
 12964 | D:10     | Reached skill level 5 in Hexes
 12964 | D:10     | Reached skill level 5 in Charms
 12964 | D:10     | Reached skill level 5 in Necromancy
 12964 | D:10     | Reached skill level 5 in Transmutations
 12964 | D:10     | Reached skill level 5 in Fire Magic
 12964 | D:10     | Reached skill level 5 in Ice Magic
 12964 | D:10     | Reached skill level 5 in Air Magic
 12964 | D:10     | Reached skill level 5 in Earth Magic
 12964 | D:10     | Reached skill level 5 in Poison Magic
 13793 | Lair:1   | Entered Level 1 of the Lair of Beasts
 13912 | Lair:1   | Noticed a seven-headed hydra
 13927 | Lair:1   | Killed a seven-headed hydra
 14916 | Lair:2   | Noticed an eight-headed hydra
 14983 | Lair:2   | Killed an eight-headed hydra
 14983 | Lair:2   | Reached XP level 12. HP: 79/89 MP: 1/25
 15530 | Lair:2   | Noticed Urug
 15543 | Lair:2   | Reached **** piety under Sif Muna
 15667 | Lair:2   | Killed Urug
 15667 | Lair:2   | Reached skill level 10 in Spellcasting
 16169 | Lair:2   | Noticed Gastronok
 16190 | Lair:2   | Killed Gastronok
 16497 | Lair:2   | Noticed a seven-headed hydra
 16498 | Lair:2   | Noticed a four-headed hydra
 16709 | Lair:2   | Noticed a queen ant
 16778 | Lair:2   | Killed a queen ant
 16963 | Lair:2   | Killed a seven-headed hydra
 17214 | Lair:2   | Found a staircase to the Snake Pit.
 17363 | Lair:2   | Killed a four-headed hydra
 18107 | Lair:3   | Reached XP level 13. HP: 62/98 MP: 27/27
 18321 | Lair:3   | Reached ***** piety under Sif Muna
 18328 | Lair:3   | Learned a level 5 spell: Summon Demon
 18810 | Lair:4   | Identified Sif Muna's Papyrus of the Aerial Oath (Sif Muna
                  | gifted it to you on level 4 of the Lair of Beasts)
 18810 | Lair:4   | Received a gift from Sif Muna
 19285 | Lair:4   | Got a smoking falchion
 19286 | Lair:4   | Identified the cursed +0 falchion "Nixieboll" {flame,
                  | rElec} (You found it on level 4 of the Lair of Beasts)
 19294 | Lair:4   | Found a radiant altar of Vehumet.
 19323 | Lair:4   | Noticed Josephine
 19330 | Lair:4   | Killed Josephine
 19584 | Lair:4   | Found a staircase to the Swamp.
 20145 | Lair:5   | Found a staircase to the Slime Pits.
 20146 | Lair:5   | Found a viscous altar of Jiyva.
 21436 | Lair:6   | Entered Level 6 of the Lair of Beasts
 21478 | Lair:6   | Reached skill level 11 in Spellcasting
 21949 | Lair:6   | Found a runed door.
 21949 | Lair:6   | Found a shimmering altar of Xom.
 21949 | Lair:6   | Noticed bmj180's ghost (journeyman MiMo)
 21997 | Lair:6   | Received a gift from Sif Muna
 22018 | Lair:6   | Reached XP level 14. HP: 89/106 MP: 13/29
 22868 | Lair:6   | Reached skill level 10 in Dodging
 24177 | Orc:1    | Entered Level 1 of the Orcish Mines
 24177 | Orc:1    | Noticed Erolcha
 24190 | Orc:1    | Killed Erolcha
 24315 | Orc:2    | Entered Level 2 of the Orcish Mines
 24808 | Orc:2    | Found Hitruirr's General Store.
 24813 | Orc:2    | Found Cusch's General Store.
 24816 | Orc:2    | Reached skill level 10 in Stealth
 25583 | Orc:2    | Reached skill level 10 in Invocations
 26109 | Orc:2    | Found Jolyhyby's Book Boutique.
 26109 | Orc:2    | Found a one-way gate leading to the halls of Pandemonium.
 26109 | Orc:2    | Found Innasena's Antique Weapon Shop.
 26119 | Orc:2    | Learned a level 5 spell: Aura of Abjuration
 26158 | Orc:2    | Found a staircase to the Elven Halls.
 26466 | Orc:2    | Found a roughly hewn altar of Beogh.
 26473 | Orc:2    | Identified Sif Muna's Compendium of Ghastly Enchantment
                  | (Sif Muna gifted it to you on level 2 of the Orcish Mines)
 26473 | Orc:2    | Received a gift from Sif Muna
 26907 | Swamp:1  | Entered Level 1 of the Swamp
 27038 | Swamp:1  | Found a runed gate.
 27039 | Swamp:1  | Found a runed gate.
 27040 | Swamp:1  | Found a runed gate.
 27040 | Swamp:1  | Noticed video's ghost (journeyman VSFi)
 27401 | Swamp:1  | Noticed Nikola
 27595 | Swamp:1  | Reached XP level 15. HP: 80/114 MP: 24/30
 27681 | Swamp:1  | Killed Nikola
 28683 | Swamp:2  | Noticed a thorn hunter
 28704 | Swamp:2  | Killed a thorn hunter
 29151 | Swamp:2  | Noticed a thorn hunter
 29158 | Swamp:2  | Killed a thorn hunter
 29569 | Swamp:2  | HP: 1/115 [alligator[an alligator] (15)]
 29572 | Swamp:2  | Slain by an alligator

Skill      XL: |  1  2  3  4  5  6  7  8  9 10 11 12 13 14 |
---------------+-------------------------------------------+-----
Conjurations   | 2 3 4 5 6 7 8 |  8.5
Summonings     | 2 3 4 5 6 7 8 |  8.5
Translocations | 2 3 4 5 6 7 8 |  8.5
Invocations    | 1 2 3 4 5 6 7 8 9 10 | 10.5
Fighting       | 1 2 3 4 5 6 7 8 9 |  9.7
Short Blades   | 1 2 3 4 5 6 7 8 9 |  9.7
Long Blades    | 1 2 3 4 5 6 7 8 9 |  9.7
Axes           | 1 2 3 4 5 6 7 8 9 |  9.7
Maces & Flails | 1 2 3 4 5 6 7 8 9 |  9.7
Polearms       | 1 2 3 4 5 6 7 8 9 |  9.7
Staves         | 1 2 3 4 5 6 7 8 9 |  9.7
Slings         | 1 2 3 4 5 6 7 8 9 |  9.7
Bows           | 1 2 3 4 5 6 7 8 9 |  9.7
Crossbows      | 1 2 3 4 5 6 7 8 9 |  9.7
Throwing       | 1 2 3 4 5 6 7 8 9 |  9.7
Armour         | 1 2 3 4 5 6 7 8 9 |  9.7
Shields        | 1 2 3 4 5 6 7 8 9 |  9.7
Unarmed Combat | 1 2 3 4 5 6 7 8 9 |  9.7
Evocations     | 1 2 3 4 5 6 7 8 9 |  9.7
Hexes          | 1 2 3 4 5 6 7 8 |  8.2
Charms         | 1 2 3 4 5 6 7 8 |  8.2
Necromancy     | 1 2 3 4 5 6 7 8 |  8.2
Transmutations | 1 2 3 4 5 6 7 8 |  8.2
Fire Magic     | 1 2 3 4 5 6 7 8 |  8.2
Ice Magic      | 1 2 3 4 5 6 7 8 |  8.2
Air Magic      | 1 2 3 4 5 6 7 8 |  8.2
Earth Magic    | 1 2 3 4 5 6 7 8 |  8.2
Poison Magic   | 1 2 3 4 5 6 7 8 |  8.2
Dodging        | 5 6 7 8 9 10 | 10.7
Stealth        | 5 6 7 8 9 10 | 10.5
Spellcasting   | 8 9 10 11 | 11.8

Action                   |  1- 3 |  4- 6 |  7- 9 | 10-12 | 13-15 || total
-------------------------+-------+-------+-------+-------+-------++-------
Melee: Dagger            |       |    11 |       |    23 |       ||    34
       Bite              |       |     3 |     1 |    32 |    77 ||   113
       Staff             |       |     1 |       |   441 |   790 ||  1232
       War axe           |       |       |     4 |       |       ||     4
       Punch             |       |       |       |     9 |     6 ||    15
 Cast: Magic Dart        |    73 |   153 |   340 |    99 |       ||   665
       Call Imp          |       |    10 |    71 |    63 |     6 ||   150
       Mephitic Cloud    |       |     2 |    14 |     3 |     4 ||    23
       Conjure Flame     |       |     1 |    13 |    29 |     8 ||    51
       Blink             |       |       |     7 |    16 |    24 ||    47
       Summon Demon      |       |       |       |       |    61 ||    61
 Abil: Evoke Berserk Rag |       |       |       |     2 |       ||     2
Evoke: Staff of Olgreb   |       |       |       |   102 |    82 ||   184
       Wand              |       |       |       |     2 |     3 ||     5
  Use: Scroll            |     1 |     6 |     3 |     9 |    16 ||    35
       Potion            |       |       |       |     1 |     4 ||     5
 Stab: Distracted        |       |       |       |     4 |    10 ||    14
       Sleeping          |       |       |       |     7 |    10 ||    17
       Confused          |       |       |       |       |     1 ||     1
  Eat: Chunk             |     1 |     8 |    15 |    25 |    41 ||    90
       Ration            |       |       |       |     3 |     2 ||     5
Armor: Robe              |     2 |     4 |     1 |       |       ||     7
       Leather armour    |       |       |     7 |   149 |   149 ||   305
Dodge: Dodged            |     9 |    40 |    51 |   428 |   678 ||  1206
Block: Buckler           |       |       |       |       |   157 ||   157
